Flyers vs Oilers

Created - 10 mars 2021 at 20:53

Goals
1 2 3 OT1 SO T
Flyers 1 1 2 0 2 5
Oilers 1 0 3 0 1 4
Shots
1 2 3 OT1 SO T
Flyers 2 16 19 1 6 38
Oilers 12 14 7 2 6 35

1st period

1. Oilers , Gustav Nyquist 16 (Brent Burns 31, Jacob Trouba 28) at 0:39
2. Flyers , Tomas Tatar 20 (Paul Stastny 29) at 13:34

Penalties :
Victor Hedman (PHI) for Checking from behind (Major) at 7:44

2nd period

3. Flyers , Paul Stastny 20 (Tomas Tatar 27, William Nylander 23) at 5:25

Penalties :
Brendan Gallagher (PHI) for Boarding (Minor) at 0:24, Evander Kane (EDM) for High sticking (Minor) at 13:07

3rd period

4. Oilers , Ryan Johansen 14 (Evander Kane 22, Gustav Nyquist 17) at 2:56
5. Oilers , Pavel Zacha 12 (Brent Burns 32, Jacob Trouba 29) at 3:36
6. Flyers , Jakub Voracek 20 (Mika Zibanejad 40, Jamie Benn 36) at 13:24
7. Oilers , Sam Bennett 6 (Brenden Dillon 11, Pavel Zacha 18) at 17:20
8. Flyers , Rasmus Andersson 6 (Jake Debrusk 8, Mika Zibanejad 41) at 18:49

Penalties :
No Penalty

Overtime #1

No Goal

Penalties :
No Penalty

Shootout

Flyers, Mika Zibanejad - Stopped by Robin Lehner
Oilers, Adam Lowry - Stopped by Pavel Francouz
Flyers, Jamie Benn - Goal!
Oilers, Evander Kane - Stopped by Pavel Francouz
Flyers, Paul Stastny - Stopped by Robin Lehner
Oilers, Gustav Nyquist - Goal!
Flyers, Jakub Voracek - Stopped by Robin Lehner
Oilers, Pavel Zacha - Stopped by Pavel Francouz
Flyers, William Nylander - Stopped by Robin Lehner
Oilers, Ryan Johansen - Shot Misses the Net
Flyers, Noah Hanifin - Goal!
Oilers, Riley Nash - Stopped by Pavel Francouz

Penalties :
No Penalty

Goalie Stats

Keith Kinkaid (PHI), 4 saves from 5 shots - (0,800), 11:08 minutes
Pavel Francouz (PHI), 27 saves from 30 shots - (0,900), W, 24-19-8, 53:52 minutes
Robin Lehner (EDM), 34 saves from 38 shots - (0,895), OTL, 19-22-8, 65:00 minutes

Players Stats for Flyers

Player Name              G  A  P  +/- PIM S  H  SB GA TA FO     MP     PP MP  PK MP  
------------------------------------------------------------------------------------
Brendan Gallagher        0  0  0   0  2   6  0  0  0  0  0/1    15:14   0:00   0:17 
Jake Debrusk             0  1  1   1  0   1  0  0  0  0  0/0    10:01   0:00   0:00 
Jakub Voracek            1  0  1  -2  0   2  0  0  0  0  0/0    16:15   0:51   3:18 
Jamie Benn               0  1  1  -2  0   3  1  0  0  0  0/1    16:17   0:51   2:46 
Joel Farabee             0  0  0   0  0   0  0  0  0  0  0/0     0:24   0:00   0:24 
Johan Larsson            0  0  0   0  0   2  7  0  0  0  9/18   16:28   0:00   1:30 
Jonas Brodin             0  0  0  -1  0   0  0  1  0  0  0/0    20:37   0:51   2:52 
Mika Zibanejad           0  2  2  -1  0   6  0  1  0  0  12/26  26:39   0:51   2:40 
Nino Niederreiter        0  0  0   0  0   2  1  0  0  0  0/1    14:58   0:00   0:00 
Noah Hanifin             0  0  0  -1  0   1  2  0  0  0  0/0    23:45   1:08   3:26 
Paul Stastny             1  1  2   1  0   4  0  0  0  0  16/31  21:43   1:08   3:18 
Rasmus Andersson         1  0  1   2  0   2  2  1  0  0  0/0    21:00   0:51   2:51 
Robert Thomas            0  0  0   1  0   0  1  0  0  0  7/10   10:01   0:00   0:00 
Ryan Graves              0  0  0  -1  0   0  4  1  0  0  0/0    17:42   0:00   1:36 
Tomas Tatar              1  1  2   1  0   5  1  0  0  0  0/1    17:20   1:08   0:00 
Victor Hedman            0  0  0  -1  5   2  0  0  0  0  0/0    22:30   1:08   1:04 
Vince Dunn               0  0  0   2  0   0  2  0  0  0  0/0    19:08   0:00   1:50 
William Nylander         0  1  1   1  0   2  0  0  0  0  1/1    17:58   1:08   0:00 

Players Stats for Oilers

Player Name              G  A  P  +/- PIM S  H  SB GA TA FO     MP     PP MP  PK MP  
------------------------------------------------------------------------------------
Adam Lowry               0  0  0   0  0   3  3  1  0  0  8/14   13:09   0:50   1:04 
Barclay Goodrow          0  0  0   0  0   1  0  0  0  0  4/5    14:35   0:55   1:12 
Barrett Hayton           0  0  0  -1  0   1  0  0  0  0  3/10    9:02   2:34   0:17 
Brenden Dillon           0  1  1   0  0   0  0  2  0  0  0/0    18:07   1:11   0:57 
Brent Burns              0  2  2   0  0   2  3  2  0  0  0/0    25:05   3:50   0:00 
Dylan DeMelo             0  0  0   0  0   2  2  2  0  0  0/0    19:19   2:31   1:02 
Evander Kane             0  1  1   0  2   4  0  0  0  0  3/3    23:19   3:29   0:00 
Gustav Nyquist           1  1  2   0  0   5  0  0  0  0  1/5    21:21   3:29   0:00 
Jacob Trouba             0  2  2   0  0   2  3  2  0  0  0/0    25:24   3:42   0:00 
Leo Komarov              0  0  0  -1  0   0  0  0  0  0  0/0     7:45   0:55   0:47 
Nick Cousins             0  0  0   0  0   1  0  0  0  0  0/1    11:15   0:00   0:00 
Pavel Zacha              1  1  2   1  0   5  0  0  0  0  7/22   20:07   2:34   0:00 
Riley Nash               0  0  0  -1  0   1  0  0  0  0  1/3     6:24   0:21   0:00 
Ryan Johansen            1  0  1   0  0   4  0  0  0  0  18/25  23:58   3:29   0:38 
Sam Bennett              1  0  1   1  0   1  5  0  0  0  0/0    17:14   0:00   0:00 
Travis Hamonic           0  0  0   0  0   0  1  2  0  0  0/0    16:44   0:00   1:02 
Vladislav Gavrikov       0  0  0   0  0   2  2  1  0  0  0/0    20:21   2:42   0:57 
Yanni Gourde             0  0  0   1  0   1  3  0  0  0  0/2    19:51   2:18   0:00 

3 Stars

1 - Tomas Tatar (PHI)
2 - Rasmus Andersson (PHI)
3 - Paul Stastny (PHI)

Power Play

Flyers - 0 on 1 Attempt(s) - 0,00%
Oilers - 0 on 2 Attempt(s) - 0,00%

Penalty Kill

Flyers - 2 on 2 Attempt(s) - 100,00% - Score 0 goal in Penalty Kill
Oilers - 1 on 1 Attempt(s) - 100,00% - Score 0 goal in Penalty Kill

Team Stat

Flyers - Hits : 21 - Faceoff Wins : 45 - Blocked Shots : 4 - Penalty Minutes : 7
Oilers - Hits : 22 - Faceoff Wins : 45 - Blocked Shots : 12 - Penalty Minutes : 2

Official

Referees : Michael Markovic and Kevin Pollock
Linesman : Travis Gawryletz and Jonny Murray

Game Notes

Keith Kinkaid is injured at 11:08 of 1st period (Left Hip)
Pavel Francouz enters game at 11:08 of 1st period

Finance

Level 1 -- Attendance: 6227 (95,80%) -- Ticket Income 759 694 $
Level 2 -- Attendance: 4810 (96,20%) -- Ticket Income 452 140 $
Level 3 -- Attendance: 3083 (88,09%) -- Ticket Income 231 225 $
Level 4 -- Attendance: 839 (100,00%) -- Ticket Income 61 247 $
Luxury Box -- Attendance: 1000 (100,00%) -- Ticket Income 232 000 $
Game was played at the Rexall Place.
Total Attendance: 15959 (94,77%)
Total Ticket Income: 1 736 306 $
Other Income: 850 790 $
Total Income: 2 587 096 $

% Time on Ice - Flyers

Lines # - Real PCT - Wanted PCT - Time Play
Normal Forward
1 - 21% - 25% - 10:40
2 - 30% - 25% - 15:24
3 - 29% - 25% - 14:58
4 - 20% - 25% - 10:01
Normal Defense
1 - 35% - 35% - 17:39
2 - 34% - 35% - 17:18
3 - 32% - 30% - 16:06
4 - 0% - 0% - 0:00
PP Forward
1 - 43% - 50% - 0:51
2 - 57% - 50% - 1:08
PP Defense
1 - 57% - 50% - 1:08
2 - 43% - 50% - 0:51
PK Forward
1 - 53% - 50% - 3:40
2 - 47% - 50% - 3:18
PK Defense
1 - 84% - 50% - 5:51
2 - 16% - 50% - 1:07
PK3 Forward
1 - 0% - 60%
2 - 0% - 40%
PK3 Defense
1 - 0% - 60%
2 - 0% - 40%
44 Forward
1 - 0% - 50%
2 - 0% - 50%
44 Defense
1 - 0% - 50%
2 - 0% - 50%
Last Minute Offensive  - 0:00
Last Minute Defensive  - 0:00
Total
Forward - 60:00
Defense - 60:00

% Time on Ice - Oilers

Lines # - Real PCT - Wanted PCT - Time Play
Normal Forward
1 - 35% - 40% - 17:44
2 - 31% - 30% - 16:01
3 - 22% - 20% - 11:15
4 - 12% - 10% - 6:03
Normal Defense
1 - 38% - 40% - 19:35
2 - 31% - 30% - 15:42
3 - 31% - 30% - 15:46
4 - 0% - 0% - 0:00
PP Forward
1 - 55% - 60% - 3:50
2 - 45% - 40% - 3:08
PP Defense
1 - 61% - 60% - 4:16
2 - 39% - 40% - 2:42
PK Forward
1 - 68% - 60% - 1:21
2 - 32% - 40% - 0:38
PK Defense
1 - 48% - 60% - 0:57
2 - 52% - 40% - 1:02
PK3 Forward
1 - 0% - 60%
2 - 0% - 40%
PK3 Defense
1 - 0% - 60%
2 - 0% - 40%
44 Forward
1 - 0% - 60%
2 - 0% - 40%
44 Defense
1 - 0% - 60%
2 - 0% - 40%
Last Minute Offensive  - 0:00
Last Minute Defensive  - 0:00
Total
Forward - 60:00
Defense - 60:00

Play-by-Play

1st period


0:01 of 1st period - Evander Kane wins face-off versus Mika Zibanejad in neutral zone.
0:03 of 1st period - Ryan Johansen is hit by Noah Hanifin and loses puck.
0:29 of 1st period - Shot by Mika Zibanejad.
0:29 of 1st period - Shot Misses the Net.
0:39 of 1st period - Shot by Gustav Nyquist.
0:39 of 1st period - Goal by Gustav Nyquist - Flyers : 0 - Oilers : 1.
0:40 of 1st period - William Nylander wins face-off versus Pavel Zacha in neutral zone.
0:40 of 1st period - Paul Stastny is hit by Sam Bennett and loses puck.
0:52 of 1st period - Icing by Paul Stastny.
0:53 of 1st period - Adam Lowry wins face-off versus Paul Stastny in Flyers zone.
1:05 of 1st period - Paul Stastny is hit by Dylan DeMelo and loses puck.
1:10 of 1st period - Shot by Paul Stastny.
1:10 of 1st period - Stopped by Robin Lehner without a rebound.
1:11 of 1st period - Johan Larsson wins face-off versus Pavel Zacha in Oilers zone.
1:25 of 1st period - Sam Bennett is hit by Ryan Graves and loses puck.
1:45 of 1st period - Yanni Gourde is hit by Ryan Graves and loses puck.
4:12 of 1st period - Icing by Jakub Voracek.
4:13 of 1st period - Mika Zibanejad wins face-off versus Pavel Zacha in Flyers zone.
5:02 of 1st period - Johan Larsson is hit by Jacob Trouba and loses puck.
5:38 of 1st period - Tomas Tatar is hit by Brent Burns and loses puck.
5:48 of 1st period - Paul Stastny is hit by Jacob Trouba and loses puck.
6:17 of 1st period - Robert Thomas is hit by Adam Lowry and loses puck.
7:11 of 1st period - Shot by Brendan Gallagher.
7:11 of 1st period - Shot Misses the Net.
7:15 of 1st period - Shot by Nino Niederreiter.
7:15 of 1st period - Shot Blocked by Brenden Dillon.
7:17 of 1st period - Shot by Brendan Gallagher.
7:17 of 1st period - Shot Misses the Net.
7:44 of 1st period - Major Penalty to Victor Hedman for Checking from behind.
7:45 of 1st period - Ryan Johansen wins face-off versus Paul Stastny in Flyers zone.
7:48 of 1st period - Shot by Jacob Trouba.
7:48 of 1st period - Stopped by Keith Kinkaid without a rebound.
7:49 of 1st period - Gustav Nyquist wins face-off versus Paul Stastny in Flyers zone.
7:50 of 1st period - Shot by Brent Burns.
7:50 of 1st period - Shot Misses the Net.
7:52 of 1st period - Shot by Evander Kane.
7:52 of 1st period - Shot Misses the Net.
8:16 of 1st period - Shot by Evander Kane.
8:16 of 1st period - Stopped by Keith Kinkaid with a rebound.
8:18 of 1st period - Shot by Ryan Johansen.
8:18 of 1st period - Shot Blocked by Jonas Brodin.
9:53 of 1st period - Shot by Pavel Zacha.
9:53 of 1st period - Stopped by Keith Kinkaid with a rebound.
11:08 of 1st period - Shot by Riley Nash.
11:08 of 1st period - Stopped by Keith Kinkaid without a rebound.
11:08 of 1st period - Keith Kinkaid from Flyers is injured at 11:08 of 1st period (Left Hip).
11:08 of 1st period - Pavel Francouz enters game.
11:09 of 1st period - Ryan Johansen wins face-off versus Mika Zibanejad in Flyers zone.
11:10 of 1st period - Shot by Evander Kane.
11:10 of 1st period - Shot Blocked by Mika Zibanejad.
11:12 of 1st period - Shot by Jacob Trouba.
11:12 of 1st period - Shot Misses the Net.
11:18 of 1st period - Shot by Gustav Nyquist.
11:18 of 1st period - Stopped by Pavel Francouz without a rebound.
11:19 of 1st period - Mika Zibanejad wins face-off versus Barrett Hayton in Flyers zone.
11:25 of 1st period - Icing by Brent Burns.
11:26 of 1st period - Mika Zibanejad wins face-off versus Barrett Hayton in Oilers zone.
12:56 of 1st period - Off-side.
12:57 of 1st period - Johan Larsson wins face-off versus Adam Lowry in neutral zone.
13:11 of 1st period - Shot by Barclay Goodrow.
13:11 of 1st period - Shot Misses the Net.
13:13 of 1st period - Shot by Barclay Goodrow.
13:13 of 1st period - Deflect By Adam Lowry.
13:13 of 1st period - Stopped by Pavel Francouz with a rebound.
13:15 of 1st period - Shot by Adam Lowry.
13:15 of 1st period - Stopped by Pavel Francouz without a rebound.
13:16 of 1st period - Ryan Johansen wins face-off versus Robert Thomas in Flyers zone.
13:28 of 1st period - Off-side.
13:29 of 1st period - Paul Stastny wins face-off versus Riley Nash in neutral zone.
13:34 of 1st period - Shot by Tomas Tatar.
13:34 of 1st period - Goal by Tomas Tatar - Flyers : 1 - Oilers : 1.
13:35 of 1st period - Mika Zibanejad wins face-off versus Pavel Zacha in neutral zone.
13:37 of 1st period - Jamie Benn is hit by Brent Burns.
13:46 of 1st period - Icing by Sam Bennett.
13:47 of 1st period - Paul Stastny wins face-off versus Yanni Gourde in Oilers zone.
14:02 of 1st period - Tomas Tatar is hit by Sam Bennett and loses puck.
15:16 of 1st period - Ryan Johansen is hit by Noah Hanifin and loses puck.
15:26 of 1st period - Icing by Victor Hedman.
15:27 of 1st period - Barclay Goodrow wins face-off versus Mika Zibanejad in Flyers zone.
15:28 of 1st period - Shot by Adam Lowry.
15:28 of 1st period - Shot Hit the Post.
15:41 of 1st period - Shot by Barclay Goodrow.
15:41 of 1st period - Deflect By Nick Cousins.
15:41 of 1st period - Stopped by Pavel Francouz without a rebound.
15:42 of 1st period - Riley Nash wins face-off versus Johan Larsson in Flyers zone.
16:11 of 1st period - Shot by Brendan Gallagher.
16:11 of 1st period - Shot Misses the Net.
16:47 of 1st period - Shot by Vladislav Gavrikov.
16:47 of 1st period - Stopped by Pavel Francouz without a rebound.
16:48 of 1st period - Ryan Johansen wins face-off versus Mika Zibanejad in Flyers zone.
16:55 of 1st period - Shot by Gustav Nyquist.
16:55 of 1st period - Stopped by Pavel Francouz without a rebound.
16:56 of 1st period - Evander Kane wins face-off versus Jamie Benn in Flyers zone.
17:51 of 1st period - Shot by Yanni Gourde.
17:51 of 1st period - Stopped by Pavel Francouz without a rebound.
17:52 of 1st period - Adam Lowry wins face-off versus Paul Stastny in Flyers zone.
17:52 of 1st period - Adam Lowry is hit by Ryan Graves.
18:17 of 1st period - Shot by William Nylander.
18:17 of 1st period - Shot Blocked by Brent Burns.
18:58 of 1st period - Icing by Travis Hamonic.
18:59 of 1st period - Pavel Zacha wins face-off versus Johan Larsson in Oilers zone.
18:59 of 1st period - Pavel Zacha is hit by Johan Larsson.
19:02 of 1st period - Sam Bennett is hit by Johan Larsson.
19:05 of 1st period - Yanni Gourde is hit by Vince Dunn and loses puck.
19:16 of 1st period - Sam Bennett is hit by Rasmus Andersson and loses puck.
Goals for this period are 1 for Flyers vs 1 for Oilers.
Shots for this period are 2 for Flyers vs 12 for Oilers.

2nd period


0:01 of 2nd period - Evander Kane wins face-off versus Robert Thomas in neutral zone.
0:15 of 2nd period - Shot by Gustav Nyquist.
0:15 of 2nd period - Stopped by Pavel Francouz without a rebound.
0:16 of 2nd period - Pavel Zacha wins face-off versus Johan Larsson in Flyers zone.
0:24 of 2nd period - Minor Penalty to Brendan Gallagher for Boarding.
0:25 of 2nd period - Paul Stastny wins face-off versus Gustav Nyquist in Flyers zone.
0:38 of 2nd period - Shot by Gustav Nyquist.
0:38 of 2nd period - Stopped by Pavel Francouz without a rebound.
0:39 of 2nd period - Barrett Hayton wins face-off versus Paul Stastny in Flyers zone.
0:42 of 2nd period - Shot by Dylan DeMelo.
0:42 of 2nd period - Stopped by Pavel Francouz without a rebound.
0:43 of 2nd period - Ryan Johansen wins face-off versus Paul Stastny in Flyers zone.
0:46 of 2nd period - Shot by Brent Burns.
0:46 of 2nd period - Stopped by Pavel Francouz with a rebound.
1:03 of 2nd period - Shot by Evander Kane.
1:03 of 2nd period - Shot Blocked by Rasmus Andersson.
1:05 of 2nd period - Shot by Brent Burns.
1:05 of 2nd period - Stopped by Pavel Francouz with a rebound.
1:26 of 2nd period - Icing by Gustav Nyquist.
1:27 of 2nd period - Ryan Johansen wins face-off versus Mika Zibanejad in Oilers zone.
1:31 of 2nd period - Icing by Evander Kane.
1:32 of 2nd period - Ryan Johansen wins face-off versus Mika Zibanejad in Oilers zone.
1:39 of 2nd period - Shot by Brent Burns.
1:39 of 2nd period - Shot Misses the Net.
2:13 of 2nd period - Shot by Dylan DeMelo.
2:13 of 2nd period - Stopped by Pavel Francouz with a rebound.
2:17 of 2nd period - Shot by Vladislav Gavrikov.
2:17 of 2nd period - Stopped by Pavel Francouz with a rebound.
2:19 of 2nd period - Shot by Pavel Zacha.
2:19 of 2nd period - Shot Misses the Net.
2:21 of 2nd period - Shot by Pavel Zacha.
2:21 of 2nd period - Shot Misses the Net.
2:41 of 2nd period - Shot by Adam Lowry.
2:41 of 2nd period - Shot Misses the Net.
2:43 of 2nd period - Shot by Adam Lowry.
2:43 of 2nd period - Stopped by Pavel Francouz without a rebound.
2:44 of 2nd period - Paul Stastny wins face-off versus Barrett Hayton in Flyers zone.
2:55 of 2nd period - Shot by Paul Stastny.
2:55 of 2nd period - Stopped by Robin Lehner with a rebound.
3:05 of 2nd period - Shot by Tomas Tatar.
3:05 of 2nd period - Shot Misses the Net.
3:07 of 2nd period - Shot by Paul Stastny.
3:07 of 2nd period - Shot Blocked by Travis Hamonic.
3:13 of 2nd period - Shot by Paul Stastny.
3:13 of 2nd period - Shot Misses the Net.
3:54 of 2nd period - Shot by Jake Debrusk.
3:54 of 2nd period - Stopped by Robin Lehner without a rebound.
3:55 of 2nd period - Johan Larsson wins face-off versus Ryan Johansen in Oilers zone.
4:21 of 2nd period - Shot by Brendan Gallagher.
4:21 of 2nd period - Stopped by Robin Lehner with a rebound.
4:23 of 2nd period - Shot by Nino Niederreiter.
4:23 of 2nd period - Stopped by Robin Lehner without a rebound.
4:24 of 2nd period - Pavel Zacha wins face-off versus Mika Zibanejad in Oilers zone.
4:24 of 2nd period - Pavel Zacha is hit by Jamie Benn.
4:30 of 2nd period - Victor Hedman is hit by Yanni Gourde and loses puck.
4:57 of 2nd period - Shot by Pavel Zacha.
4:57 of 2nd period - Stopped by Pavel Francouz without a rebound.
4:58 of 2nd period - Ryan Johansen wins face-off versus Paul Stastny in Flyers zone.
4:59 of 2nd period - Shot by Jacob Trouba.
4:59 of 2nd period - Stopped by Pavel Francouz without a rebound.
5:00 of 2nd period - Ryan Johansen wins face-off versus Paul Stastny in Flyers zone.
5:09 of 2nd period - Shot by Paul Stastny.
5:09 of 2nd period - Shot Misses the Net.
5:15 of 2nd period - Shot by William Nylander.
5:15 of 2nd period - Shot Misses the Net.
5:23 of 2nd period - Shot by William Nylander.
5:23 of 2nd period - Deflect By Tomas Tatar.
5:23 of 2nd period - Shot Blocked by Brent Burns.
5:25 of 2nd period - Shot by Paul Stastny.
5:25 of 2nd period - Goal by Paul Stastny - Flyers : 2 - Oilers : 1.
5:26 of 2nd period - Robert Thomas wins face-off versus Adam Lowry in neutral zone.
5:31 of 2nd period - Shot by Barclay Goodrow.
5:31 of 2nd period - Stopped by Pavel Francouz without a rebound.
5:32 of 2nd period - Robert Thomas wins face-off versus Pavel Zacha in Flyers zone.
6:33 of 2nd period - Shot by Johan Larsson.
6:33 of 2nd period - Shot Misses the Net.
6:49 of 2nd period - Shot by Ryan Johansen.
6:49 of 2nd period - Stopped by Pavel Francouz without a rebound.
6:50 of 2nd period - Paul Stastny wins face-off versus Gustav Nyquist in Flyers zone.
7:17 of 2nd period - Shot by Tomas Tatar.
7:17 of 2nd period - Shot Misses the Net.
7:19 of 2nd period - Shot by Paul Stastny.
7:19 of 2nd period - Stopped by Robin Lehner without a rebound.
7:20 of 2nd period - Adam Lowry wins face-off versus Mika Zibanejad in Oilers zone.
7:47 of 2nd period - Shot by Jamie Benn.
7:47 of 2nd period - Shot Hit the Post.
7:49 of 2nd period - Shot by Noah Hanifin.
7:49 of 2nd period - Stopped by Robin Lehner without a rebound.
7:50 of 2nd period - Ryan Johansen wins face-off versus Johan Larsson in Oilers zone.
7:57 of 2nd period - Shot by Evander Kane.
7:57 of 2nd period - Shot Hit the Post.
8:08 of 2nd period - Brendan Gallagher is hit by Jacob Trouba and loses puck.
8:22 of 2nd period - Brendan Gallagher is hit by Brent Burns and loses puck.
8:47 of 2nd period - Shot by Jake Debrusk.
8:47 of 2nd period - Deflect By Mika Zibanejad.
8:47 of 2nd period - Stopped by Robin Lehner with a rebound.
8:49 of 2nd period - Shot by Mika Zibanejad.
8:49 of 2nd period - Stopped by Robin Lehner without a rebound.
8:50 of 2nd period - Paul Stastny wins face-off versus Pavel Zacha in Oilers zone.
9:23 of 2nd period - Shot by Pavel Zacha.
9:23 of 2nd period - Stopped by Pavel Francouz with a rebound.
10:29 of 2nd period - Icing by Brent Burns.
10:30 of 2nd period - Mika Zibanejad wins face-off versus Barrett Hayton in Oilers zone.
10:31 of 2nd period - Shot by Jakub Voracek.
10:31 of 2nd period - Shot Misses the Net.
10:33 of 2nd period - Shot by Rasmus Andersson.
10:33 of 2nd period - Shot Misses the Net.
10:51 of 2nd period - Shot by Jamie Benn.
10:51 of 2nd period - Stopped by Robin Lehner without a rebound.
10:52 of 2nd period - Ryan Johansen wins face-off versus Johan Larsson in Oilers zone.
10:52 of 2nd period - Ryan Johansen is hit by Johan Larsson.
11:22 of 2nd period - Shot by Ryan Johansen.
11:22 of 2nd period - Stopped by Pavel Francouz without a rebound.
11:23 of 2nd period - Robert Thomas wins face-off versus Pavel Zacha in Flyers zone.
11:45 of 2nd period - Shot by Jake Debrusk.
11:45 of 2nd period - Shot Misses the Net.
11:47 of 2nd period - Shot by Mika Zibanejad.
11:47 of 2nd period - Stopped by Robin Lehner without a rebound.
11:48 of 2nd period - Adam Lowry wins face-off versus Mika Zibanejad in Oilers zone.
12:17 of 2nd period - Shot by Barclay Goodrow.
12:17 of 2nd period - Shot Misses the Net.
12:46 of 2nd period - Shot by Johan Larsson.
12:46 of 2nd period - Shot Misses the Net.
13:07 of 2nd period - Minor Penalty to Evander Kane for High sticking.
13:08 of 2nd period - Adam Lowry wins face-off versus Paul Stastny in Oilers zone.
13:25 of 2nd period - Shot by Victor Hedman.
13:25 of 2nd period - Stopped by Robin Lehner without a rebound.
13:26 of 2nd period - Mika Zibanejad wins face-off versus Barrett Hayton in Oilers zone.
14:16 of 2nd period - Off-side.
14:17 of 2nd period - Barclay Goodrow wins face-off versus Paul Stastny in neutral zone.
14:42 of 2nd period - Shot by Tomas Tatar.
14:42 of 2nd period - Stopped by Robin Lehner without a rebound.
14:43 of 2nd period - Paul Stastny wins face-off versus Barclay Goodrow in Oilers zone.
14:57 of 2nd period - Icing by Paul Stastny.
14:58 of 2nd period - Paul Stastny wins face-off versus Adam Lowry in Flyers zone.
15:08 of 2nd period - Icing by Noah Hanifin.
15:09 of 2nd period - Johan Larsson wins face-off versus Gustav Nyquist in Flyers zone.
15:16 of 2nd period - Brent Burns is hit by Nino Niederreiter and loses puck.
15:21 of 2nd period - Shot by Brendan Gallagher.
15:21 of 2nd period - Stopped by Robin Lehner without a rebound.
15:22 of 2nd period - Robert Thomas wins face-off versus Pavel Zacha in Oilers zone.
15:29 of 2nd period - Shot by Vince Dunn.
15:29 of 2nd period - Shot Blocked by Vladislav Gavrikov.
17:05 of 2nd period - Shot by Paul Stastny.
17:05 of 2nd period - Shot Misses the Net.
17:07 of 2nd period - Shot by Victor Hedman.
17:07 of 2nd period - Stopped by Robin Lehner without a rebound.
17:08 of 2nd period - Adam Lowry wins face-off versus Brendan Gallagher in Oilers zone.
17:29 of 2nd period - Shot by Jonas Brodin.
17:29 of 2nd period - Shot Blocked by Adam Lowry.
17:31 of 2nd period - Shot by Jonas Brodin.
17:31 of 2nd period - Shot Misses the Net.
17:45 of 2nd period - Shot by Brendan Gallagher.
17:45 of 2nd period - Stopped by Robin Lehner without a rebound.
17:46 of 2nd period - Pavel Zacha wins face-off versus Mika Zibanejad in Oilers zone.
17:57 of 2nd period - Mika Zibanejad is hit by Yanni Gourde and loses puck.
18:34 of 2nd period - Tomas Tatar is hit by Yanni Gourde and loses puck.
18:46 of 2nd period - Off-side.
18:47 of 2nd period - Ryan Johansen wins face-off versus Johan Larsson in neutral zone.
19:07 of 2nd period - Icing by Jonas Brodin.
19:08 of 2nd period - Barclay Goodrow wins face-off versus Johan Larsson in Flyers zone.
19:31 of 2nd period - Shot by Adam Lowry.
19:31 of 2nd period - Shot Misses the Net.
19:37 of 2nd period - Shot by Barclay Goodrow.
19:37 of 2nd period - Shot Misses the Net.
19:46 of 2nd period - Adam Lowry is hit by Ryan Graves and loses puck.
Goals for this period are 1 for Flyers vs 0 for Oilers.
Shots for this period are 16 for Flyers vs 14 for Oilers.

3rd period


0:01 of 3rd period - Robert Thomas wins face-off versus Ryan Johansen in neutral zone.
1:10 of 3rd period - Shot by William Nylander.
1:10 of 3rd period - Shot Misses the Net.
1:12 of 3rd period - Shot by Vince Dunn.
1:12 of 3rd period - Shot Misses the Net.
1:14 of 3rd period - Shot by Rasmus Andersson.
1:14 of 3rd period - Stopped by Robin Lehner without a rebound.
1:15 of 3rd period - Johan Larsson wins face-off versus Nick Cousins in Oilers zone.
1:24 of 3rd period - Shot by Adam Lowry.
1:24 of 3rd period - Shot Misses the Net.
1:30 of 3rd period - Shot by Brendan Gallagher.
1:30 of 3rd period - Stopped by Robin Lehner without a rebound.
1:31 of 3rd period - Pavel Zacha wins face-off versus Paul Stastny in Oilers zone.
1:36 of 3rd period - Vince Dunn is hit by Sam Bennett and loses puck.
1:45 of 3rd period - Shot by Tomas Tatar.
1:45 of 3rd period - Shot Misses the Net.
1:59 of 3rd period - Shot by Tomas Tatar.
1:59 of 3rd period - Shot Misses the Net.
2:01 of 3rd period - Shot by Vince Dunn.
2:01 of 3rd period - Shot Misses the Net.
2:03 of 3rd period - Shot by Rasmus Andersson.
2:03 of 3rd period - Shot Blocked by Travis Hamonic.
2:05 of 3rd period - Shot by William Nylander.
2:05 of 3rd period - Shot Misses the Net.
2:07 of 3rd period - Shot by William Nylander.
2:07 of 3rd period - Stopped by Robin Lehner without a rebound.
2:08 of 3rd period - Ryan Johansen wins face-off versus Mika Zibanejad in Oilers zone.
2:17 of 3rd period - Shot by Mika Zibanejad.
2:17 of 3rd period - Stopped by Robin Lehner without a rebound.
2:18 of 3rd period - Robert Thomas wins face-off versus Adam Lowry in Oilers zone.
2:27 of 3rd period - Victor Hedman is hit by Adam Lowry and loses puck.
2:43 of 3rd period - Shot by Mika Zibanejad.
2:43 of 3rd period - Stopped by Robin Lehner without a rebound.
2:44 of 3rd period - Ryan Johansen wins face-off versus Paul Stastny in Oilers zone.
2:44 of 3rd period - Ryan Johansen is hit by Tomas Tatar.
2:52 of 3rd period - Shot by Ryan Johansen.
2:52 of 3rd period - Shot Misses the Net.
2:54 of 3rd period - Shot by Evander Kane.
2:54 of 3rd period - Shot Misses the Net.
2:56 of 3rd period - Shot by Ryan Johansen.
2:56 of 3rd period - Goal by Ryan Johansen - Flyers : 2 - Oilers : 2.
2:57 of 3rd period - Mika Zibanejad wins face-off versus Pavel Zacha in neutral zone.
2:57 of 3rd period - Jakub Voracek is hit by Sam Bennett and loses puck.
3:21 of 3rd period - Pavel Zacha is hit by Rasmus Andersson and loses puck.
3:36 of 3rd period - Shot by Pavel Zacha.
3:36 of 3rd period - Goal by Pavel Zacha - Flyers : 2 - Oilers : 3.
3:37 of 3rd period - Paul Stastny wins face-off versus Ryan Johansen in neutral zone.
3:45 of 3rd period - Tomas Tatar is hit by Travis Hamonic and loses puck.
3:52 of 3rd period - Shot by Tomas Tatar.
3:52 of 3rd period - Stopped by Robin Lehner without a rebound.
3:53 of 3rd period - Barrett Hayton wins face-off versus Nino Niederreiter in Oilers zone.
4:16 of 3rd period - Shot by Johan Larsson.
4:16 of 3rd period - Stopped by Robin Lehner without a rebound.
4:17 of 3rd period - Mika Zibanejad wins face-off versus Gustav Nyquist in Oilers zone.
4:42 of 3rd period - Off-side.
4:43 of 3rd period - Paul Stastny wins face-off versus Pavel Zacha in neutral zone.
4:50 of 3rd period - Shot by Tomas Tatar.
4:50 of 3rd period - Stopped by Robin Lehner without a rebound.
4:51 of 3rd period - Paul Stastny wins face-off versus Adam Lowry in Oilers zone.
4:58 of 3rd period - Shot by William Nylander.
4:58 of 3rd period - Stopped by Robin Lehner with a rebound.
5:08 of 3rd period - Shot by Tomas Tatar.
5:08 of 3rd period - Shot Misses the Net.
5:10 of 3rd period - Shot by Paul Stastny.
5:10 of 3rd period - Shot Misses the Net.
6:12 of 3rd period - Shot by Evander Kane.
6:12 of 3rd period - Stopped by Pavel Francouz without a rebound.
6:13 of 3rd period - Johan Larsson wins face-off versus Pavel Zacha in Flyers zone.
6:51 of 3rd period - Shot by Johan Larsson.
6:51 of 3rd period - Stopped by Robin Lehner with a rebound.
7:07 of 3rd period - Gustav Nyquist is hit by Johan Larsson and loses puck.
7:20 of 3rd period - Shot by Jamie Benn.
7:20 of 3rd period - Stopped by Robin Lehner without a rebound.
7:21 of 3rd period - Mika Zibanejad wins face-off versus Barrett Hayton in Oilers zone.
7:30 of 3rd period - Shot by Jamie Benn.
7:30 of 3rd period - Shot Misses the Net.
8:27 of 3rd period - Icing by Ryan Johansen.
8:28 of 3rd period - Paul Stastny wins face-off versus Ryan Johansen in Oilers zone.
8:28 of 3rd period - Rasmus Andersson is hit by Vladislav Gavrikov and loses puck.
8:35 of 3rd period - Shot by Tomas Tatar.
8:35 of 3rd period - Stopped by Robin Lehner without a rebound.
8:36 of 3rd period - Pavel Zacha wins face-off versus Johan Larsson in Oilers zone.
8:36 of 3rd period - Pavel Zacha is hit by Johan Larsson.
9:27 of 3rd period - Robert Thomas is hit by Sam Bennett and loses puck.
9:36 of 3rd period - Pavel Zacha is hit by Robert Thomas and loses puck.
9:43 of 3rd period - Shot by Jake Debrusk.
9:43 of 3rd period - Shot Blocked by Dylan DeMelo.
10:10 of 3rd period - Evander Kane is hit by Vince Dunn and loses puck.
10:25 of 3rd period - Shot by Gustav Nyquist.
10:25 of 3rd period - Shot Misses the Net.
10:31 of 3rd period - Shot by Evander Kane.
10:31 of 3rd period - Stopped by Pavel Francouz with a rebound.
10:50 of 3rd period - Icing by Vladislav Gavrikov.
10:51 of 3rd period - Adam Lowry wins face-off versus Tomas Tatar in Oilers zone.
10:58 of 3rd period - Tomas Tatar is hit by Adam Lowry and loses puck.
11:38 of 3rd period - Icing by Barclay Goodrow.
11:39 of 3rd period - Adam Lowry wins face-off versus Johan Larsson in Oilers zone.
11:58 of 3rd period - Shot by Johan Larsson.
11:58 of 3rd period - Shot Misses the Net.
12:02 of 3rd period - Shot by Brendan Gallagher.
12:02 of 3rd period - Deflect By Nino Niederreiter.
12:02 of 3rd period - Shot Blocked by Jacob Trouba.
12:04 of 3rd period - Shot by Brendan Gallagher.
12:04 of 3rd period - Stopped by Robin Lehner without a rebound.
12:05 of 3rd period - Mika Zibanejad wins face-off versus Ryan Johansen in Oilers zone.
12:05 of 3rd period - Noah Hanifin is hit by Dylan DeMelo.
12:13 of 3rd period - Shot by Jakub Voracek.
12:13 of 3rd period - Stopped by Robin Lehner without a rebound.
12:14 of 3rd period - Ryan Johansen wins face-off versus Paul Stastny in Oilers zone.
13:24 of 3rd period - Shot by Mika Zibanejad.
13:24 of 3rd period - Deflect By Jakub Voracek.
13:24 of 3rd period - Goal by Jakub Voracek - Flyers : 3 - Oilers : 3.
13:25 of 3rd period - Johan Larsson wins face-off versus Pavel Zacha in neutral zone.
13:36 of 3rd period - Shot by Pavel Zacha.
13:36 of 3rd period - Shot Misses the Net.
13:39 of 3rd period - Icing by Vince Dunn.
13:40 of 3rd period - Johan Larsson wins face-off versus Adam Lowry in Flyers zone.
14:35 of 3rd period - Shot by Mika Zibanejad.
14:35 of 3rd period - Shot Misses the Net.
14:37 of 3rd period - Shot by Jakub Voracek.
14:37 of 3rd period - Shot Misses the Net.
14:39 of 3rd period - Shot by Mika Zibanejad.
14:39 of 3rd period - Shot Misses the Net.
14:41 of 3rd period - Shot by Victor Hedman.
14:41 of 3rd period - Shot Misses the Net.
14:47 of 3rd period - Shot by Mika Zibanejad.
14:47 of 3rd period - Stopped by Robin Lehner without a rebound.
14:48 of 3rd period - Paul Stastny wins face-off versus Pavel Zacha in Oilers zone.
15:13 of 3rd period - Shot by Yanni Gourde.
15:13 of 3rd period - Shot Blocked by Ryan Graves.
15:15 of 3rd period - Shot by Sam Bennett.
15:15 of 3rd period - Deflect By Pavel Zacha.
15:15 of 3rd period - Stopped by Pavel Francouz without a rebound.
15:16 of 3rd period - Ryan Johansen wins face-off versus Robert Thomas in Flyers zone.
15:23 of 3rd period - Shot by Jake Debrusk.
15:23 of 3rd period - Deflect By Mika Zibanejad.
15:23 of 3rd period - Shot Misses the Net.
15:39 of 3rd period - Shot by Ryan Johansen.
15:39 of 3rd period - Stopped by Pavel Francouz without a rebound.
15:40 of 3rd period - Johan Larsson wins face-off versus Riley Nash in Flyers zone.
15:53 of 3rd period - Shot by Brendan Gallagher.
15:53 of 3rd period - Shot Blocked by Brenden Dillon.
15:55 of 3rd period - Shot by Nino Niederreiter.
15:55 of 3rd period - Stopped by Robin Lehner without a rebound.
15:56 of 3rd period - Ryan Johansen wins face-off versus Mika Zibanejad in Oilers zone.
16:03 of 3rd period - Shot by Evander Kane.
16:03 of 3rd period - Deflect By Gustav Nyquist.
16:03 of 3rd period - Shot Misses the Net.
17:20 of 3rd period - Shot by Sam Bennett.
17:20 of 3rd period - Goal by Sam Bennett - Flyers : 3 - Oilers : 4.
17:21 of 3rd period - Paul Stastny wins face-off versus Barrett Hayton in neutral zone.
18:10 of 3rd period - Leo Komarov is hit by Johan Larsson and loses puck.
18:35 of 3rd period - Shot by Brendan Gallagher.
18:35 of 3rd period - Stopped by Robin Lehner without a rebound.
18:36 of 3rd period - Robert Thomas wins face-off versus Yanni Gourde in Oilers zone.
18:47 of 3rd period - Shot by Mika Zibanejad.
18:47 of 3rd period - Deflect By Jake Debrusk.
18:47 of 3rd period - Shot Blocked by Dylan DeMelo.
18:49 of 3rd period - Shot by Rasmus Andersson.
18:49 of 3rd period - Goal by Rasmus Andersson - Flyers : 4 - Oilers : 4.
18:50 of 3rd period - Paul Stastny wins face-off versus Ryan Johansen in neutral zone.
19:10 of 3rd period - Icing by Jonas Brodin.
19:11 of 3rd period - Pavel Zacha wins face-off versus Paul Stastny in Flyers zone.
19:48 of 3rd period - Pavel Zacha is hit by Johan Larsson and loses puck.
19:58 of 3rd period - Icing by Yanni Gourde.
19:59 of 3rd period - Mika Zibanejad wins face-off versus Pavel Zacha in Oilers zone.
Goals for this period are 2 for Flyers vs 3 for Oilers.
Shots for this period are 19 for Flyers vs 7 for Oilers.

Overtime #1


0:01 of 1st overtime period - Paul Stastny wins face-off versus Ryan Johansen in neutral zone.
0:12 of 1st overtime period - Shot by Jamie Benn.
0:12 of 1st overtime period - Stopped by Robin Lehner without a rebound.
0:13 of 1st overtime period - Ryan Johansen wins face-off versus Mika Zibanejad in Oilers zone.
1:20 of 1st overtime period - Shot by Jakub Voracek.
1:20 of 1st overtime period - Deflect By Paul Stastny.
1:20 of 1st overtime period - Shot Blocked by Jacob Trouba.
2:44 of 1st overtime period - Shot by Jamie Benn.
2:44 of 1st overtime period - Shot Misses the Net.
2:49 of 1st overtime period - Off-side.
2:50 of 1st overtime period - Barrett Hayton wins face-off versus Paul Stastny in neutral zone.
2:57 of 1st overtime period - Shot by Gustav Nyquist.
2:57 of 1st overtime period - Deflect By Barrett Hayton.
2:57 of 1st overtime period - Stopped by Pavel Francouz without a rebound.
2:58 of 1st overtime period - Mika Zibanejad wins face-off versus Pavel Zacha in Flyers zone.
4:15 of 1st overtime period - Shot by Ryan Johansen.
4:15 of 1st overtime period - Deflect By Evander Kane.
4:15 of 1st overtime period - Stopped by Pavel Francouz without a rebound.
4:16 of 1st overtime period - Barclay Goodrow wins face-off versus Mika Zibanejad in Flyers zone.
4:48 of 1st overtime period - William Nylander is hit by Vladislav Gavrikov and loses puck.
Goals for this period are 0 for Flyers vs 0 for Oilers.
Shots for this period are 1 for Flyers vs 2 for Oilers.

ShootOut


5:00 of 1st overtime period - Round #1.
5:00 of 1st overtime period - Flyers, Mika Zibanejad.
5:00 of 1st overtime period - Stopped by Robin Lehner.
5:00 of 1st overtime period - Oilers, Adam Lowry.
5:00 of 1st overtime period - Stopped by Pavel Francouz.
5:00 of 1st overtime period - Round #2.
5:00 of 1st overtime period - Flyers, Jamie Benn.
5:00 of 1st overtime period - Goal by Jamie Benn.
5:00 of 1st overtime period - Oilers, Evander Kane.
5:00 of 1st overtime period - Stopped by Pavel Francouz.
5:00 of 1st overtime period - Round #3.
5:00 of 1st overtime period - Flyers, Paul Stastny.
5:00 of 1st overtime period - Stopped by Robin Lehner.
5:00 of 1st overtime period - Oilers, Gustav Nyquist.
5:00 of 1st overtime period - Goal by Gustav Nyquist.
5:00 of 1st overtime period - Round #4.
5:00 of 1st overtime period - Flyers, Jakub Voracek.
5:00 of 1st overtime period - Stopped by Robin Lehner.
5:00 of 1st overtime period - Oilers, Pavel Zacha.
5:00 of 1st overtime period - Stopped by Pavel Francouz.
5:00 of 1st overtime period - Round #5.
5:00 of 1st overtime period - Flyers, William Nylander.
5:00 of 1st overtime period - Stopped by Robin Lehner.
5:00 of 1st overtime period - Oilers, Ryan Johansen.
5:00 of 1st overtime period - Shot Misses the Net.
5:00 of 1st overtime period - Round #6.
5:00 of 1st overtime period - Flyers, Noah Hanifin.
5:00 of 1st overtime period - Goal by Noah Hanifin.
5:00 of 1st overtime period - Oilers, Riley Nash.
5:00 of 1st overtime period - Stopped by Pavel Francouz.